 Dungeon Crawl Stone Soup version 0.21.1-1-g345015f (webtiles) character file.

152 kae the Chopper (level 5, -1/46 HPs)
             Began as a Hill Orc Abyssal Knight on June 11, 2018.
             Was a Believer of Lugonu.
             Slain by an ogre
             ... wielding a +0 giant club
              (27 damage)
             ... on level 4 of the Dungeon.
             The game lasted 00:02:45 (3063 turns).

kae the Chopper (Hill Orc Abyssal Knight)           Turns: 3063, Time: 00:02:46

Health: -1/46      AC:  5    Str: 16    XL:     5   Next: 34%
Magic:  7/7        EV: 11    Int: 12    God:    Lugonu [**....]
Gold:   173        SH:  0    Dex: 10    Spells: 4/4 levels left

rFire    . . .     SeeInvis .   a - +2 hand axe
rCold    . . .     Gourm    .   (no shield)
rNeg     . . .     Faith    .   b - +0 leather armour
rPois    .         Spirit   .   e - +2 hat
rElec    .         Reflect  .   (no cloak)
rCorr    .         Harm     .   (no gloves)
MR       .....                  (no boots)
Stlth    +.........             (no amulet)
HPRegen  0.15/turn              (no ring)
MPRegen  0.10/turn              (no ring)

@: no status effects
A: no striking features
a: Depart the Abyss, Bend Space, Renounce Religion


You were on level 4 of the Dungeon.
You worshipped Lugonu.
Lugonu was pleased with you.
You were hungry.

You visited 1 branch of the dungeon, and saw 4 of its levels.
You visited the Abyss 1 time.

You collected 173 gold pieces.

Inventory:

Hand Weapons
 a - a +2 hand axe (weapon)
Armour
 b - a +0 leather armour (worn)
 e - a +2 hat (worn)
Scrolls
 h - 2 scrolls of remove curse
 j - 2 scrolls of identify
Potions
 d - 2 potions of flight {unknown}
 f - a potion of resistance
 g - 2 potions of heal wounds {unknown}
 i - a potion of curing
 k - a potion of magic {unknown}
Comestibles
 c - 2 rations


   Skills:
 + Level 4.3 Fighting
 * Level 4.7 Axes
 + Level 3.1 Armour
 + Level 1.7 Dodging
 + Level 3.4 Invocations


You had 4 spell levels left.
You didn't know any spells.

Dungeon Overview and Level Annotations

Branches:
Dungeon (4/15)
 Temple: D:4-7

Altars:
Cheibriados
Sif Muna
Vehumet
Xom

Annotations:
D:3 teukkam's ghost, weakling TrMo


Message History

The ogre shouts!
You climb upwards.
Level annotation: teukkam's ghost, weakling TrMo
There is a stone staircase leading down here.
You start resting.
You are feeling hungry.
You climb downwards.
The ogre hits you with a giant club!
There is a stone staircase leading up, spattered with blood here.
Unknown command.
You are too injured to fight recklessly!
You are too injured to fight recklessly!
You are too injured to fight recklessly!
You are too injured to fight recklessly!
You are too injured to fight recklessly!
You are too injured to fight recklessly!
You hit the ogre.
The ogre is moderately wounded.
The ogre hits you with a giant club!!
Ouch! That really hurt!
You die...

.. #..........
..#...........
.#............
.............
#............
#............
#............
#@...........
#.O..........
#............
#..............
###............
#..............
#.#............
#.#............
# ###.......##O


You could see an ogre.

Vanquished Creatures
  Terence (D:3)
  A worker ant (D:4)
  3 adders (D:2)
  4 worms
  5 dart slugs
  2 leopard geckos (D:1)
  3 giant cockroaches
  6 goblins
  4 hobgoblins
  4 jackals (D:2)
  A quokka (D:2)
  5 bats
  2 frilled lizards (D:3)
  5 kobolds
  10 rats
56 creatures vanquished.

Notes
Turn   | Place    | Note
-------+----------+-------------------------------------------
     0 | Abyss:1  | kae the Hill Orc Abyssal Knight began the quest for the Orb.
     0 | Abyss:1  | Reached XP level 1. HP: 19/19 MP: 2/2
    63 | Abyss:1  | Noticed a glowing orange brain
    66 | D:1      | Escaped the Abyss
   295 | D:1      | Reached skill level 1 in Dodging
   326 | D:1      | Reached XP level 2. HP: 25/27 MP: 3/3
   361 | D:1      | Reached * piety under Lugonu
   526 | D:1      | Reached XP level 3. HP: 33/33 MP: 5/5
   888 | D:2      | Reached ** piety under Lugonu
   888 | D:2      | Reached XP level 4. HP: 39/40 MP: 6/6
  1118 | D:2      | Found a shimmering altar of Xom.
  1154 | D:2      | Found a radiant altar of Vehumet.
  1373 | D:2      | Found a deep blue altar of Sif Muna.
  1723 | D:3      | Found a snail-covered altar of Cheibriados.
  1878 | D:3      | Noticed teukkam's ghost (weakling TrMo)
  2474 | D:3      | Noticed Terence
  2487 | D:3      | Killed Terence
  2487 | D:3      | Reached XP level 5. HP: 38/46 MP: 7/7
  2967 | D:4      | Noticed an ogre
  3063 | D:4      | Slain by an ogre

Skill      XL: |  1  2  3  4 |
---------------+-------------+-----
Axes           | 3 4 |  4.7
Dodging        | 1 |  1.7
Fighting       | 4 |  4.3
Invocations    | 3 |  3.4
Armour         | 3 |  3.1

Action                   |  1- 3 |  4- 6 || total
-------------------------+-------+-------++-------
Melee: Hand axe          |    85 |    93 ||   178
Invok: Depart the Abyss  |     1 |       ||     1
  Use: Scroll            |     5 |     2 ||     7
 Stab: Sleeping          |       |     1 ||     1
  Eat: Chunk             |       |     3 ||     3
       Ration            |       |     1 ||     1
Armor: Leather armour    |    32 |    31 ||    63
Dodge: Dodged            |    53 |    31 ||    84
